 Dungeon Crawl Stone Soup version 0.29.0-4-gdea44cf6ec (webtiles) character file.

Game seed: 7951046168052163213

49 qw the Ruffian (level 3, -3/28 HPs)
             Began as a Ghoul Fire Elementalist on Aug 30, 2022.
             Slain by Terence
             ... wielding a +2 morningstar of holy wrath
              (4 damage)
             ... on level 2 of the Dungeon.
             The game lasted 00:01:32 (1700 turns).

qw the Ruffian (Ghoul Fire Elementalist)            Turns: 1700, Time: 00:01:32

Health: -3/28      AC:  2    Str: 13    XL:     3   Next: 75%
Magic:  4/4        EV: 12    Int: 10    God:
Gold:   64         SH:  0    Dex:  9    Spells: 4/5 levels left

rFire   . . .      SeeInvis .     - Unarmed
rCold   + . .      Faith    .   (no shield)
rNeg    + + +      Spirit   .   a - +0 robe
rPois   inf        Reflect  .   (no helmet)
rElec   .          Harm     .   (no cloak)
rCorr   .          Rampage  .   (no gloves)
Will    .....                   (no boots)
Stlth   ++........              (no amulet)
HPRegen 0.00/turn               (no ring)
MPRegen 0.09/turn               (no ring)

@: inhibited regen
A: claws 1, cold resistance 1, negative energy resistance 3, inhibited
regeneration, torment resistance 2, devour on kill
a: no special abilities


You were on level 2 of the Dungeon.
You visited 1 branch of the dungeon, and saw 2 of its levels.

You collected 64 gold pieces.


Innate Abilities, Weirdness & Mutations

You are immune to poison.
You have sharp fingernails.
Your flesh is cold resistant. (rC+)
You are immune to negative energy. (rN+++)
You do not regenerate when monsters are visible.
You are immune to unholy pain and torment.
You thrive by killing the living.


   Skills:
 - Level 1.0 Fighting
 - Level 1.7 Dodging
 - Level 2.1 Stealth
 + Level 3.3 Unarmed Combat
 - Level 1.7 Spellcasting
 - Level 0.7 Conjurations
 - Level 2.4 Fire Magic


You had 4 spell levels left.
You knew the following spells:

 Your Spells              Type           Power      Damage    Failure   Level
a - Foxfire               Conj/Fire      16%        2x1d4     17%         1

Your spell library contained the following spells:

 Spells                   Type           Power      Damage    Failure   Level
 Scorch                   Fire           10%        2d6       19%         2
 Conjure Flame            Conj/Fire      4%         6-21      45%         3
 Inner Flame              Hex/Fire       3%         N/A       52%         3
 Flame Wave               Conj/Fire      4%         2d5       86%         4

Inventory:

Armour
 a - a +0 robe (worn)
 b - a +0 leather armour
Scrolls
 e - a scroll of identify
Potions
 c - a potion of resistance {unknown}
 d - a potion of curing {unknown}
 g - a potion of degeneration {unknown}

Dungeon Overview and Level Annotations

Branches:
Dungeon (2/15)

Altars:

Annotations:
D:2 Terence


Message History

Enter note: You enter the shallow water.
Moving in this stuff is going to be slow.
Found 7 stones.
There is a stone staircase leading up here.
d - a white potion A hobgoblin comes into view.
You closely miss the hobgoblin. The hobgoblin barely misses you.
You claw the hobgoblin!
You kill the hobgoblin!
You see here a hobgoblin corpse.
e - a scroll of identify You now have 64 gold pieces (gained 9).
Terence and a kobold come into view.
Terence is wielding a +2 morningstar of holy wrath.
The kobold shouts!
Enter note: You scratch Terence but do no damage.
Terence misses you.
You closely miss Terence.
Terence hits you with a +2 morningstar of holy wrath.
You convulse.
You scratch Terence.
Terence is moderately wounded.
Terence closely misses you.
You barely miss Terence.
Terence is moderately wounded.
Terence hits you with a +2 morningstar of holy wrath!
You convulse!
1697 ||| Stepping ~*~*~tactically~*~*~ (outnumbered).
You scratch Terence but do no damage.
Terence is moderately wounded.
You scratch Terence.
Terence is heavily wounded.
Terence misses you.
You scratch Terence.
Terence is severely wounded.
Terence hits you with a +2 morningstar of holy wrath.
You die...

...... ..... ....
... ##.. ##.###..
#.....K# . ## #@#
# ..... ...#
#@#.# .......
.....###.#.#
........
#.......#
........
#..##..###
.......###. #.##
........## ##.#
.........#.# #..#
...........###.##
..<.......(.##.#


You could see Terence and a kobold.

Vanquished Creatures
  3 dart slugs (D:1)
  2 bats
  5 endoplasms (D:1)
  A giant cockroach (D:2)
  7 hobgoblins
  2 kobolds (D:1)
  A quokka (D:2)
  6 ball pythons
  3 frilled lizards (D:1)
  5 goblins
  4 rats (D:1)
39 creatures vanquished.

Vanquished Creatures (others)
  3 plants (D:2)
3 creatures vanquished.

Grand Total: 42 creatures vanquished

Notes
Turn   | Place    | Note
-------+----------+-------------------------------------------
     0 | D:1      | qw the Ghoul Fire Elementalist began the quest for the Orb.
     0 | D:1      | Reached XP level 1. HP: 14/14 MP: 2/2
     0 | D:1      | 0 ||| qw: Version: 0.1-a-90-g952f4b7
     0 | D:1      | 0 ||| qw: Game counter: 4308
     0 | D:1      | 0 ||| qw: Always use a shield: true
     0 | D:1      | 0 ||| qw: God list: Okawaru
     0 | D:1      | 0 ||| qw: Allow faded altars: false
     0 | D:1      | 0 ||| qw: Do Orc after D:15 true
     0 | D:1      | 0 ||| qw: Do second Lair branch before Depths: true
     0 | D:1      | 0 ||| qw: Lair rune preference: random
     0 | D:1      | 0 ||| qw: Plans: Normal
     0 | D:1      | 0 ||| PLANNING D:1-11
    69 | D:1      | 69 ||| Stepping ~*~*~tactically~*~*~ (stealth).
    77 | D:1      | 77 ||| Stepping ~*~*~tactically~*~*~ (outnumbered).
    78 | D:1      | 78 ||| Stepping ~*~*~tactically~*~*~ (outnumbered).
    86 | D:1      | Reached skill level 1 in Unarmed Combat
   392 | D:1      | Reached XP level 2. HP: 22/22 MP: 3/3
   395 | D:1      | Reached skill level 1 in Fighting
   505 | D:1      | 505 ||| Stepping ~*~*~tactically~*~*~ (hiding).
   618 | D:1      | Reached skill level 2 in Unarmed Combat
   666 | D:1      | 666 ||| Stepping ~*~*~tactically~*~*~ (hiding).
   904 | D:1      | Reached XP level 3. HP: 25/28 MP: 4/4
   999 | D:1      | Found a faded altar of an unknown god.
  1138 | D:1      | 1138 ||| Stepping ~*~*~tactically~*~*~ (stealth).
  1304 | D:1      | 1304 ||| READING 2 scrolls labelled SETESAAGYD.
  1305 | D:1      | 1305 ||| READING scroll labelled VOLIPHOOPA.
  1406 | D:1      | 1406 ||| READING scroll labelled QOISOST XUVO.
  1407 | D:1      | 1407 ||| DROPPING potion of magic.
  1408 | D:1      | 1408 ||| DROPPING scroll of fear.
  1459 | D:2      | Reached skill level 3 in Unarmed Combat
  1461 | D:2      | 1461 ||| Stepping ~*~*~tactically~*~*~ (stealth).
  1462 | D:2      | 1462 ||| Stepping ~*~*~tactically~*~*~ (stealth).
  1485 | D:2      | 1485 ||| Stepping ~*~*~tactically~*~*~ (stealth).
  1496 | D:2      | 1496 ||| Stepping ~*~*~tactically~*~*~ (stealth).
  1499 | D:2      | 1499 ||| Stepping ~*~*~tactically~*~*~ (stealth).
  1506 | D:2      | 1506 ||| Stepping ~*~*~tactically~*~*~ (stealth).
  1692 | D:2      | Noticed Terence
  1696 | D:2      | HP: 1/28 [Terence/+2 morningstar of holy wrath (12)]
  1697 | D:2      | 1697 ||| Stepping ~*~*~tactically~*~*~ (outnumbered).
  1700 | D:2      | Slain by Terence

Levels and vault maps discovered:
D:1:      shiori_shiawase, layout_rooms,
          shapermc_ecumenical_altar_mp_ritualfount, dreamdust_princess_bridge
D:2:      layout_rooms, serial_forest, infiniplex_forest_lined_1,
          infiniplex_forest_clump_double, infiniplex_forest_lined_room_3,
          infiniplex_forest_lined_room_2, infiniplex_forest_lined_3,
          infiniplex_forest_end_1, infiniplex_forest_clump_diagonal,
          infiniplex_forest_side_room, infiniplex_forest_lined_2,
          chequers_serial_rivers_small_a, uniq_terence

Skill      XL: |  1  2  3 |
---------------+----------+-----
Unarmed Combat | 1 2 3 |  3.3
Fighting       | 1 |  1.0
Dodging        | |  1.7
Stealth        | |  2.1
Spellcasting   | |  1.7
Conjurations   | |  0.7
Fire Magic     | |  2.4

Action                   || total
-------------------------++-------
Melee: Unarmed           ||   120
       Punch             ||     3
  Use: Scroll            ||     3
 Stab: Sleeping          ||     1
Armor: Robe              ||    12
Dodge: Dodged            ||    49

Table legend:
 A = Non-vault XP
 B = Vault XP
 C = Vault XP percentage of total XP
 D = Non-vault monster count
 E = Vault monster count
 F = Vault count percentage of total count
                 A         B        C        D         E       F
            +---------+---------+-------+---------+---------+-------
      Total |      70 |       0 |   0.0 |      39 |       0 |   0.0
            +---------+---------+-------+---------+---------+-------
        D:1 |      51 |       0 |   0.0 |      29 |       0 |   0.0
        D:2 |      19 |       0 |   0.0 |      10 |       0 |   0.0
            +---------+---------+-------+---------+---------+-------
